 Dungeon Crawl Stone Soup version 0.26.1-10-gdfb7c7de75 (webtiles) character file.

Game seed: 15484771518921116142

56 Revguard the Ducker (level 3, 0/27 HPs)
             Began as a Demonspawn Gladiator on Apr 5, 2021.
             Slain by an orc
             ... wielding a +0 mace
              (9 damage)
             ... on level 3 of the Dungeon.
             The game lasted 00:06:39 (1727 turns).

Revguard the Ducker (Demonspawn Gladiator)          Turns: 1727, Time: 00:06:40

Health: 0/27       AC:  6    Str: 14    XL:     3   Next: 69%
Magic:  3/3        EV: 13    Int:  9    God:
Gold:   129        SH:  0    Dex: 15    Spells: 2/2 levels left

rFire    . . .     SeeInvis .   a - +0 long sword
rCold    . . .     Faith    .   (no shield)
rNeg     . . .     Spirit   .   b - +0 leather armour
rPois    .         Reflect  .   c - +0 helmet
rElec    .         Harm     .   (no cloak)
rCorr    .         Rampage  .   (no gloves)
Will     .....                  (no boots)
Stlth    +.........             (no amulet)
HPRegen  0.09/turn              (no ring)
MPRegen  0.08/turn              (no ring)

@: no status effects
A: talons 1, iridescent scales 1
a: no special abilities


You were on level 3 of the Dungeon.
You visited 1 branch of the dungeon, and saw 3 of its levels.

You collected 129 gold pieces.

Inventory:

Hand Weapons
 a - a +0 long sword (weapon)
Missiles
 d - 3 throwing nets (quivered)
Armour
 b - a +0 leather armour (worn)
 c - a +0 helmet (worn)
Jewellery
 r - an uncursed ring of ice {unknown}
Scrolls
 e - 2 scrolls of identify {unknown}
 h - 5 scrolls of remove curse {unknown}
 k - 2 scrolls of enchant armour {unknown}
 l - a scroll of teleportation {unknown}
 m - a scroll of amnesia {unknown}
 n - a scroll of immolation {unknown}
 o - a scroll of enchant weapon {unknown}
Potions
 f - 3 potions of degeneration {unknown}
 g - a potion of heal wounds {unknown}
 i - a potion of curing {unknown}
 j - a potion of haste {unknown}
 p - a potion of might {unknown}
 q - a potion of ambrosia {unknown}


   Skills:
 + Level 2.2 Fighting
 + Level 3.3 Long Blades
 + Level 1.7 Throwing
 + Level 1.0 Armour
 + Level 3.3 Dodging
 + Level 0.1 Stealth


You had 2 spell levels left.
You didn't know any spells.
Your spell library contained the following spells:

 Spells                   Type           Power        Failure   Level
 Confusing Touch          Hex            0%           83%         3
 Gell's Gravitas          Tloc           0%           83%         3
 Petrify                  Tmut/Erth      0%           99%         4
 Metabolic Englaciation   Hex/Ice        0%           100%        5
 Yara's Violent Unravell  Hex/Tmut       0%           100%        5


Dungeon Overview and Level Annotations

Branches:
Dungeon (3/15)

Altars:
Hepliaklqana
Trog


Innate Abilities, Weirdness & Mutations

You have sharp toenails.
You are partially covered in iridescent scales. (AC +2)


Message History

The orc closely misses you. The orc misses you.
Items here: )) [ †.
You hit the orc but do no damage. Your kick misses the orc. The orc misses you.
The orc barely misses you. The orc hits you with a +0 trident.
The orc completely misses you. The orc hits you with a +0 short sword.
The orc barely misses you.
You riposte.
You barely miss the orc. You claw the orc.
The orc is moderately wounded.
The orc hits you but does no damage.
You closely miss the orc. You claw the orc, but do no damage.
The orc hits you with a +0 mace. The orc barely misses you.
You riposte.
You hit the orc.
The orc is severely wounded.
The orc hits you with a +0 war axe. The orc barely misses you.
You riposte.
You barely miss the orc. The orc closely misses you. The orc misses you.
The orc barely misses you.
You hit the orc.
You kill the orc!
The orc hits you with a +0 mace!
You die...

.# # .# . #. .#
#.##.###.#######.
.................
#[..<##.......
#...#...#........
# #.#.ooo......
#.##o@)......
.....(.oo......
..<............
.......#.......
#.......#.......
#######........
........ .......


You could see 6 orcs.

Vanquished Creatures
  2 adders (D:2)
  An ooze (D:1)
  A worm (D:2)
  A leopard gecko (D:2)
  4 orcs (D:3)
  A giant cockroach (D:2)
  4 goblins
  2 kobolds
  A quokka (D:2)
  6 bats
  A frilled lizard (D:2)
  5 rats
29 creatures vanquished.

Vanquished Creatures (others)
  A plant (D:2)
1 creature vanquished.

Grand Total: 30 creatures vanquished

Notes
Turn   | Place    | Note
-------+----------+-------------------------------------------
     0 | D:1      | Revguard the Demonspawn Gladiator began the quest for the
                  | Orb.
     0 | D:1      | Reached XP level 1. HP: 16/16 MP: 1/1
   426 | D:1      | Gained mutation: You are partially covered in iridescent
                  | scales. (AC +2) [demonic ancestry]
   426 | D:1      | Reached XP level 2. HP: 20/22 MP: 2/2
  1000 | D:2      | Gained mutation: You have sharp toenails. [demonic
                  | ancestry]
  1000 | D:2      | Reached XP level 3. HP: 13/27 MP: 3/3
  1284 | D:2      | Found a bloodstained altar of Trog.
  1595 | D:2      | Found a hazy altar of Hepliaklqana.
  1718 | D:3      | Reached skill level 1 in Armour
  1727 | D:3      | Slain by an orc

Illustrated notes

Levels and vault maps discovered:
D:1:      amcnicky_arrival_blooded_trapdoor, layout_rooms,
          chequers_serial_rivers_small_3
D:2:      layout_basic, lemuel_doored_altar, lemuel_round_altar, serial_forest,
          infiniplex_forest_clump_double, infiniplex_forest_clump_medium,
          infiniplex_forest_zigzag_1, infiniplex_forest_clump_C,
          infiniplex_forest_clump_double, infiniplex_forest_clump_curved
D:3:      layout_rooms, eat_drink_and_be_merry_uskayaw, serial_bayou_lake_a

Skill      XL: |  1  2  3 |
---------------+----------+-----
Dodging        | 3 |  3.3
Long Blades    | 3 |  3.3
Armour         | 1 |  1.0
Fighting       | |  2.2
Throwing       | |  1.7
Stealth        | |  0.1

Action                   || total
-------------------------++-------
Melee: Long sword        ||    82
       Kick              ||     7
 Stab: Sleeping          ||     1
Armor: Leather armour    ||    44
Dodge: Dodged            ||   106
       Rpst.: Long sword ||    26
